AoeStats
← Ken

Arena

506374825Analyzed
1v1 RM · 18d ago on Sep 13, 2026· 27m 8s· 2 players
Game mode
Random Map
Map size
Tiny (2 player)
Population
200
Speed
Normal
Resources
Standard
Victory
Conquest
Starting age
Dark Age
Ending age
Imperial Age
RankedLock teamsTeams togetherTeam positionsShared explorationLock speedFull tech treeHidden civsTurbo modeCheats
Victory
Defeat
🇨🇳 Japanese · China
933
+15
917
-42
Капитан печенька
11:54 Feudal Age
16:51 Castle Age
17:26 Double-Bit Axe
17:23 Horse Collar
19:19 Bow Saw
23:44 Man-at-Arms
25:00 Heavy Plow
24:54 Gold Mining
24:56 Stone Mining
25:51 Wheelbarrow
25:35 Loom
25:16 Man-at-Arms
25:41 Gambesons
26:00 Scale Mail Armor
26:10 Forging
Ken
11:01 Feudal Age
15:36 Castle Age
14:05 Double-Bit Axe
14:38 Horse Collar
17:31 Bow Saw
22:52 Heavy Plow
Connection lost

Rejoining the realm…

Still unreachable

The connection could not be restored.

Session expired

The server has moved on; the page needs a fresh start.